 Dungeon Crawl Stone Soup version 0.17-a0-288-gaf424a4 (webtiles) character file.

48672 xeno23 the Arsonist (level 14, -2/111 HPs)
             Began as a Red Draconian Conjurer on Mar 29, 2015.
             Was a High Priest of Vehumet.
             Slain by a death yak (7 damage)
             ... on level 7 of the Lair of Beasts on Mar 30, 2015.
             The game lasted 03:43:42 (25309 turns).

xeno23 the Arsonist (Red Draconian Conjurer)       Turns: 25309, Time: 03:43:42

Health: -2/111     AC: 15    Str: 11 (12) XL:     14   Next: 13%
Magic:  10/15      EV: 15    Int: 18 (22) God:    Vehumet [*****.]
Gold:   1199       SH:  5    Dex:  9 (11) Spells: 4 memorised, 9 levels left

rFire  + . .     SeeInvis .     J - +2 trident (protect)
rCold  . . .     Clarity  .     (armour unavailable)
rNeg   . . .     SustAb   .     P - +0 buckler
rPois  .         Gourm    .     (helmet restricted)
rElec  .         Spirit   .     a - +1 cloak
rCorr  .         Warding  .     (no gloves)
rMut   .         Stasis   .     (no boots)
MR     ++...                    (no amulet)
Stlth  ++........               G - ring of protection from magic
                                H - +2 ring of intelligence

@: about to teleport, short of breath, very resistant to hostile enchantments,
unstealthy
A: breathe fire, unfitting armour, blurry vision 1, deterioration 1, fire
resistance 1, frail 1, low mp 1, cold-blooded, AC +8
a: Breathe Fire, Renounce Religion


You were on level 7 of the Lair of Beasts.
You worshipped Vehumet.
Vehumet was extremely pleased with you.
You were very hungry.

You visited 3 branches of the dungeon, and saw 19 of its levels.
You also visited: Ice Cave.

You collected 1199 gold pieces.

Inventory:

Hand weapons
 k - a +2 vampiric short sword
 J - a +2 trident of protection (weapon)
Missiles
 h - 5 javelins (quivered)
 K - 5 throwing nets
Armour
 a - a +1 cloak (worn)
 P - a +0 buckler (worn)
Jewellery
 F - an uncursed ring of stealth
 G - a ring of protection from magic (right hand)
 H - a +2 ring of intelligence (left hand)
 V - an uncursed ring of flight
Magical devices
 d - a wand of paralysis (6)
 i - a wand of cold (13)
 n - a wand of digging (7)
 q - a wand of hasting (1)
 r - a wand of enslavement (10)
 y - a wand of slowing (16)
 M - a wand of confusion (24)
 O - a wand of teleportation (7)
 U - a wand of fireball (9)
Scrolls
 c - a scroll of blinking
 e - a scroll of enchant weapon
 g - 6 scrolls of amnesia
 m - 3 scrolls of teleportation
 o - 3 scrolls of magic mapping
 p - a scroll of immolation
 s - 5 scrolls of remove curse
 v - a scroll of fear
 I - a scroll of fog
 N - 2 scrolls of recharging
 Q - 2 scrolls of identify
 T - a scroll of holy word
Potions
 f - 3 potions of might
 j - 6 potions of curing
 l - 2 potions of restore abilities
 t - 4 potions of brilliance
 u - 2 potions of ambrosia
 x - 5 potions of berserk rage
 A - 3 potions of poison {unknown}
 B - 2 potions of agility
 C - 2 potions of invisibility {unknown}
 D - 2 potions of mutation {unknown}
 E - a potion of haste
 L - a potion of degeneration {unknown}
 R - a potion of heal wounds
 W - 2 potions of flight {unknown}
Books
 w - a book of Control

   Spells                             Type                      Level
   a - Control Teleport               Charms/Translocation         4
   b - Control Undead                 Necromancy                   4
   c - Enslavement                    Hexes                        4
   d - Metabolic Englaciation         Hexes/Ice                    5
   e - Mass Confusion                 Hexes                        6
Comestibles
 b - 8 bread rations
 z - 8 meat rations
 S - 2 fruits
 Y - a beef jerky


   Skills:
 + Level 11.2 Fighting
 + Level 9.7 Dodging
 - Level 1.7 Stealth
 - Level 5.9 Shields
 * Level 5.4 Spellcasting
 - Level 12.0 Conjurations
 - Level 7.1 Charms
 + Level 14.5 Fire Magic


You had 9 spell levels left.
You knew the following spells:

 Your Spells              Type           Power        Failure   Level  Hunger
a - Magic Dart            Conj           ####         1%          1    None
d - Delayed Fireball      Conj/Fire      N/A          16%         7    #######
s - Sticky Flame          Conj/Fire      ######..     1%          4    ####...
t - Swiftness             Chrm/Air       ###.....     6%          2    #......


Dungeon Overview and Level Annotations

Branches:
Dungeon (11/15)            Temple (1/1) D:4            Lair (7/8) D:11
 Shoals (0/5) Lair:6       Spider (0/5) Lair:4        Slime (0/6) Lair:6
    Orc (0/4) D:11

Altars:
Ashenzari
Cheibriados
Dithmenos
Elyvilon
Fedhas
Gozag
Kikubaaqudgha
Makhleb
Nemelex Xobeh
Okawaru
Qazlal
Ru
Sif Muna
Trog
Vehumet
Xom
Yredelemnul
Zin
The Shining One

Shops:
D:6 *


Innate Abilities, Weirdness & Mutations

You can breathe blasts of fire.
Your fiery red scales are hard (AC +8).
Your body does not fit into most forms of armour.
Your flesh is heat resistant.
You are cold-blooded and may be slowed by cold attacks.
Scrolls take you a little longer to read.
Your body is slowly deteriorating.
You are frail (-10% HP).
Your magical capacity is low (-10% MP).


Message History

You have got your breath back.
Read which item? (? for menu, Esc to quit)
You begin reading the scroll.
You continue reading the scroll.
The death yak closely misses you.
As you read the scroll of teleportation, it crumbles to dust.
You feel strangely unstable.
Use which ability? (? or * to list)
Press: ? - help, Shift-Dir - straight line, f - fungus
Aim: a fungus You breathe a blast of fire.
The fiery breath hits the death yak.
The death yak is severely wounded.
The fiery breath hits the fungus.
The fungus is moderately damaged.
You feel somewhat more hungry. The death yak gores you!!
* * * LOW HITPOINT WARNING * * *
You take 29 damage.
The death yak gores you!
* * * LOW HITPOINT WARNING * * *
The death yak gores you!
You die...

..## ..#####.### #.........
.#.####### #.#.#....# #..P#P#...
..#.P#P..## ##.#.....##....###...
#.........###.#.P....#......##...
#.##.#..Y..##ยง.PP.......#....##..
..#.#..#...#.PPPP..P.P.###P...#P.
########P#..Y.YPPP#####.###......
###....#YY## #.#.#..... ###...#@#
###.......# ####### ..........#
.##.....## . ###..###
#...####.#### #...........
#......P.... ######P..... ####...


You could see 3 death yaks.

Vanquished Creatures
  A frost giant (IceCv)
  6 hydras
  5 death yaks
  An unseen horror (D:11)
  An ice statue (IceCv)
  2 cyclopes (D:11)
  4 oklob plants (Lair:6)
  A shining eye (Lair:6)
  An ugly thing (D:11)
  A centaur zombie (D:10)
  A siren (Lair:6)
  4 black mambas
  7 elephants
  A gargoyle (D:11)
  7 spiny frogs
  3 komodo dragons
  2 trolls (D:9)
  A merfolk (Lair:6)
  17 polar bears
  4 blink frogs (Lair:6)
  A two-headed ogre (D:11)
  47 yaks
  A water elemental (D:11)
  4 basilisks
  A wraith (D:11)
  4 wyverns
  2 hungry ghosts
  10 hippogriffs
  2 steam dragons (D:9)
  2 wargs (D:11)
  23 wolves
  7 water moccasins
  15 porcupines
  14 ice beasts
  10 orc warriors
  2 black bears
  3 ogres
  A necrophage (D:8)
  8 phantoms
  The ghost of xeno23 the Conjurer, an average DrCj (D:3)
  5 centaurs
  8 crocodiles
  A big kobold (D:10)
  A gnoll sergeant (D:10)
  15 giant frogs
  2 wyvern skeletons (D:9)
  4 wights (D:10)
  5 scorpions
  8 killer bees
  3 electric eels
  4 goliath beetles
  4 crimson imps
  8 hounds
  11 iguanas
  8 orc priests
  A giant frog skeleton (D:4)
  A centaur skeleton (D:4)
  6 jellies
  Natasha (thrice) (D:5)
  7 worker ants
  12 orc wizards
  A killer bee zombie (D:7)
  5 sheep (Lair:6)
  2 worker ant zombies
  8 gnolls
  23 adders
  2 giant mites
  33 river rats
  4 shadow imps
  2 worms
  2 orc zombies (D:6)
  6 giant geckos
  An ooze (D:4)
  64 orcs
  2 bat skeletons
  2 bat zombies (D:5)
  6 giant cockroaches
  14 goblins
  28 hobgoblins
  10 quokkas
  13 bats
  A giant gecko skeleton (D:5)
  2 giant gecko zombies
  5 giant newts
  2 giant spores
  3 jackals (D:2)
  A jackal zombie (D:6)
  25 kobolds
  A quokka zombie (D:6)
  28 rats
  3 ballistomycetes
  A fungus (Lair:5)
  A plant (D:1)
646 creatures vanquished.

Vanquished Creatures (others)
  A giant frog (D:11)
  3 fungi
4 creatures vanquished.

Grand Total: 650 creatures vanquished

Notes
Turn   | Place    | Note
--------------------------------------------------------------
     0 | D:1      | xeno23, the Draconian Conjurer, began the quest for the Orb.
     0 | D:1      | Reached XP level 1. HP: 14/14 MP: 3/3
    77 | D:1      | Reached XP level 2. HP: 17/20 MP: 0/4
   363 | D:1      | Reached XP level 3. HP: 15/26 MP: 3/6
   484 | D:1      | Reached skill level 5 in Conjurations
   888 | D:2      | Reached XP level 4. HP: 22/33 MP: 1/7
   931 | D:2      | Learned a level 4 spell: Iskenderun's Mystic Blast
  1514 | D:3      | Noticed xeno23's ghost (average DrCj)
  1687 | D:3      | Reached skill level 6 in Conjurations
  2189 | D:4      | Found a glowing golden altar of the Shining One.
  2201 | D:4      | Found a staircase to the Ecumenical Temple.
  2208 | Temple   | Entered the Ecumenical Temple
  2304 | Temple   | Became a worshipper of Vehumet
  2456 | D:4      | Reached XP level 5. HP: 27/38 MP: 9/9
  2630 | D:4      | Noticed a phantom
  2649 | D:4      | Killed a phantom
  2649 | D:4      | Reached skill level 7 in Conjurations
  2724 | D:4      | Reached XP level 6. HP: 35/45 MP: 0/10
  2840 | D:4      | Got a scorched hat
  2846 | D:4      | Identified the cursed +0 hat of Pessimism {Int-4 Dex+2 SInv Stlth+} (You found it on level 4 of the Dungeon)
  3331 | D:5      | Entered Level 5 of the Dungeon
  3503 | D:5      | Noticed Natasha
  3512 | D:5      | Killed Natasha
  3512 | D:5      | Reached skill level 8 in Conjurations
  3637 | D:5      | Acquired Vehumet's first power
  3637 | D:5      | Offered knowledge of Flame Tongue by Vehumet.
  3649 | D:5      | Found a deep blue altar of Sif Muna.
  3729 | D:5      | Your scales start taking on a fiery red colour.
  3729 | D:5      | Gained mutation: Your flesh is heat resistant. [draconian maturity]
  3729 | D:5      | Reached XP level 7. HP: 24/50 MP: 2/12
  3737 | D:5      | Learned a level 5 spell: Iskenderun's Battlesphere
  3872 | D:5      | Noticed Natasha
  3876 | D:5      | Killed Natasha
  3907 | D:5      | Reached skill level 1 in Charms
  4157 | D:5      | Reached skill level 9 in Conjurations
  4212 | D:5      | Noticed Natasha
  4213 | D:5      | Killed Natasha
  4229 | D:5      | Found a glowing golden altar of the Shining One.
  4327 | D:5      | Offered knowledge of Throw Flame by Vehumet.
  4370 | D:5      | Reached XP level 8. HP: 54/57 MP: 11/13
  4875 | D:3      | Killed xeno23's ghost
  4978 | D:5      | Learned a level 2 spell: Throw Flame
  5080 | D:6      | Found a snail-covered altar of Cheibriados.
  5116 | D:6      | Reached skill level 1 in Fire Magic
  5249 | D:6      | Found Loremu's Luxury Loot.
  5448 | D:6      | Found a white marble altar of Elyvilon.
  5448 | D:6      | Found a bloodstained altar of Trog.
  5475 | D:6      | Offered knowledge of Conjure Flame by Vehumet.
  5475 | D:6      | Reached skill level 10 in Conjurations
  5495 | D:6      | Found a basalt altar of Yredelemnul.
  5496 | D:6      | Found a shadowy altar of Dithmenos.
  5499 | D:6      | Found a blossoming altar of Fedhas.
  5499 | D:6      | Found a shattered altar of Ashenzari.
  5818 | D:7      | Acquired Vehumet's second power
  5824 | D:7      | Reached skill level 5 in Fire Magic
  6148 | D:7      | Reached XP level 9. HP: 62/62 MP: 15/15
  6237 | D:7      | Offered knowledge of Sticky Flame by Vehumet.
  6243 | D:7      | Learned a level 4 spell: Sticky Flame
  6739 | D:8      | Reached skill level 11 in Conjurations
  7111 | D:8      | Found a white marble altar of Elyvilon.
  7315 | D:8      | Found a sparkling altar of Nemelex Xobeh.
  7802 | D:9      | Acquired Vehumet's third power
  8101 | D:9      | Reached skill level 12 in Conjurations
  8101 | D:9      | Reached XP level 10. HP: 25/69 MP: 14/16
  8337 | D:9      | Offered knowledge of Bolt of Draining by Vehumet.
  8453 | D:9      | Reached skill level 1 in Fighting
  8625 | D:9      | Reached skill level 1 in Shields
  8848 | D:9      | Found an opulent altar of Gozag.
  8970 | D:10     | Entered Level 10 of the Dungeon
  9910 | D:10     | Offered knowledge of Venom Bolt by Vehumet.
  9910 | D:10     | Reached skill level 10 in Fire Magic
 10769 | D:11     | Learned a level 2 spell: Swiftness
 10771 | D:11     | Noticed a green ugly thing
 10778 | D:11     | Killed a green ugly thing
 10785 | D:11     | Noticed a cyclops
 10803 | D:11     | Killed a cyclops
 10803 | D:11     | Reached skill level 5 in Shields
 10803 | D:11     | Reached XP level 11. HP: 38/85 MP: 9/17
 10993 | D:11     | Reached skill level 5 in Fighting
 11024 | D:11     | Found a frozen archway.
 11115 | IceCv    | Entered an ice cave
 11671 | IceCv    | Reached skill level 5 in Dodging
 12173 | IceCv    | Reached skill level 5 in Charms
 13040 | IceCv    | Noticed an ice statue
 13077 | IceCv    | Reached XP level 12. HP: 54/100 MP: 18/18
 13273 | IceCv    | Killed an ice statue
 13368 | IceCv    | Noticed a death yak
 13372 | IceCv    | Noticed a death yak
 13401 | IceCv    | Killed a death yak
 13426 | IceCv    | Killed a death yak
 13797 | IceCv    | Noticed a death yak
 13797 | IceCv    | Noticed a frost giant
 14154 | IceCv    | Killed a death yak
 14387 | IceCv    | Killed a frost giant
 14860 | D:11     | Found a staircase to the Lair.
 14871 | D:11     | Offered knowledge of Delayed Fireball by Vehumet.
 15690 | D:11     | Found a staircase to the Orcish Mines.
 16299 | D:11     | Found a glowing silver altar of Zin.
 16540 | D:11     | Learned a level 7 spell: Delayed Fireball
 16574 | Lair:1   | Entered Level 1 of the Lair of Beasts
 17542 | Lair:2   | Reached skill level 13 in Fire Magic
 17879 | Lair:2   | Noticed a seven-headed hydra
 17889 | Lair:2   | Killed a seven-headed hydra
 17916 | Lair:2   | Reached XP level 13. HP: 97/111 MP: 19/19
 18050 | Lair:2   | Noticed a six-headed hydra
 18102 | Lair:2   | Killed a six-headed hydra
 19347 | Lair:3   | Reached skill level 10 in Fighting
 19988 | Lair:4   | Found a hole to the Spider Nest.
 20198 | Lair:4   | Found a bloodstained altar of Trog.
 20687 | Lair:4   | Offered knowledge of Poisonous Cloud by Vehumet.
 21102 | Lair:4   | Reached skill level 14 in Fire Magic
 21241 | Lair:4   | Upgraded the game from 0.17-a0-229-g5ae695d to 0.17-a0-288-gaf424a4
 23286 | Lair:6   | Found a staircase to the Shoals.
 23518 | Lair:6   | Gained mutation: You are frail (-10% HP). [a shining eye]
 23521 | Lair:6   | Gained mutation: Your body is slowly deteriorating. [a shining eye]
 23524 | Lair:6   | Gained mutation: Scrolls take you a little longer to read. [a shining eye]
 23527 | Lair:6   | Gained mutation: Your magical capacity is low (-10% MP). [a shining eye]
 23922 | Lair:6   | Found a staircase to the Slime Pits.
 24070 | Lair:6   | Reached XP level 14. HP: 45/111 MP: 11/15
 24921 | Lair:7   | Reached skill level 5 in Spellcasting
 25309 | Lair:7   | HP: 5/111 [death yak (11)]
 25309 | Lair:7   | Slain by a death yak

Action                   |  1- 3 |  4- 6 |  7- 9 | 10-12 | 13-15 || total
-------------------------+-------+-------+-------+-------+-------++-------
Melee: Unarmed           |    69 |       |       |       |       ||    69
       Dagger            |   158 |   138 |   261 |   153 |       ||   710
       Short sword       |     7 |       |       |   199 |   124 ||   330
       Whip              |       |    42 |    51 |       |       ||    93
       Mace              |       |       |    43 |       |       ||    43
       Flail             |       |       |       |   125 |       ||   125
       Trident           |       |       |       |       |   479 ||   479
Throw: Javelin           |     4 |     7 |     7 |    10 |     5 ||    33
       Stone             |       |       |     1 |       |       ||     1
 Cast: Magic Dart        |    53 |    80 |   148 |   162 |    55 ||   498
       Iskenderun's Myst |       |     4 |     9 |    24 |       ||    37
       Sticky Flame      |       |       |     8 |   107 |    89 ||   204
       Throw Flame       |       |       |       |    95 |       ||    95
       Swiftness         |       |       |       |     3 |     2 ||     5
       Delayed Fireball  |       |       |       |     4 |     4 ||     8
 Abil: Breathe Fire      |       |       |    21 |    64 |    30 ||   115
       Release Delayed F |       |       |       |     3 |     5 ||     8
Evoke: Wand              |       |       |       |     4 |     2 ||     6
  Use: Scroll            |       |       |    21 |    16 |     4 ||    41
       Potion            |       |       |       |     6 |       ||     6
 Stab: Sleeping          |     1 |     3 |    15 |     6 |     5 ||    30
       Distracted        |       |       |       |       |     1 ||     1
  Eat: Chunk             |     1 |    10 |    22 |    65 |    39 ||   137
       Beef jerky        |       |       |     2 |       |     3 ||     5
       Pizza             |       |       |       |     3 |     1 ||     4
       Bread ration      |       |       |       |     3 |       ||     3
       Royal jelly       |       |       |       |     2 |       ||     2
       Fruit             |       |       |       |       |     3 ||     3
